 Dungeon Crawl Stone Soup version 0.32-a0-470-g255bbe2 (webtiles) character file.

Game seed: 3888401448142291283

103 Dorkslayer the Slasher (level 4, 0/34 HPs)
             Began as a Coglin Gladiator on Feb 25, 2024.
             Splashed by a jelly's acid (1 damage)
             ... in a sewer.
             The game lasted 00:03:10 (1558 turns).

Dorkslayer the Slasher (Coglin Gladiator)           Turns: 1558, Time: 00:03:11

Health: 0/34       AC:  1    Str: 14    XL:     4   Next: 79%
Magic:  4/4        EV: 13    Int:  8    God:
Gold:   100        SH:  0    Dex: 17    Spells: 3/3 levels left

rFire   . . .        a - +0 long sword {Ishpreet}
rCold   . . .        i - +0 short sword {Karolin}
rNeg    . . .        b - +0 leather armour
rPois   .            c - +0 helmet
rElec   .            n - +0 cloak
rCorr   .            (no gloves)
SInv    .            (no boots)
Will    .....        (no amulet)
Stlth   +            (ring unavailable)
HPRegen 0.25/turn    (ring unavailable)
MPRegen 0.09/turn

%: no passive effects
@: corroded, revving
A: off-hand wielding, slow wielding, warmup strikes, no rings
a: no special abilities


You were in a sewer.
You visited 1 branch of the dungeon, and saw 3 of its levels.
You also visited: Sewer.

You collected 100 gold pieces.

Inventory:

Hand Weapons
 a - a +0 long sword (weapon) {Ishpreet}
 i - a +0 short sword (offhand) {Karolin}
Missiles
 d - 5 throwing nets (quivered)
 e - a javelin
 k - 2 boomerangs
Armour
 b - a +0 leather armour (worn)
 c - a +0 helmet (worn)
 n - a +0 cloak (worn)
Scrolls
 h - 2 scrolls of teleportation {unknown}
 j - a scroll of revelation {unknown}
 m - a scroll of identify {unknown}
 o - 2 scrolls of poison {unknown}
 p - a scroll of fog {unknown}
Potions
 f - a potion of might {unknown}
 g - a potion of cancellation {unknown}
 l - 2 potions of heal wounds {unknown}


   Skills:
 + Level 2.5 Fighting
 + Level 0.2(2.1) Short Blades
 + Level 3.8(3.9) Long Blades
 + Level 2.0 Throwing
 + Level 1.0 Armour
 + Level 3.5 Dodging
 + Level 0.2 Stealth


You had 3 spell levels left.
You didn't know any spells.
Your spell library contained the following spells:

 Spells                   Type           Power      Damage    Failure   Level
 Sting                    Conj/Alch      0%         1d3       47%         1
 Mercury Vapours          Alch/Air       0%         N/A       63%         2
 Olgreb's Toxic Radiance  Alch           0%         N/A       99%         4


Dungeon Overview and Level Annotations

Branches:
Dungeon (3/15)              Sewer (1/1)

Altars:


Innate Abilities, Weirdness & Mutations

You can wield a second weapon in your off-hand.
It takes a long time for you to wield or remove held weapons.
Your first few attacks do less damage.
Your grasper-arms cannot wear rings.


Message History

The giant cockroach is moderately wounded.
You hit the giant cockroach with your +0 long sword.
You kill the giant cockroach!
You see here a giant cockroach corpse.
There is a broken door here.
There is a broken door here.
The helpless frilled lizard fails to defend itself.
You hit the frilled lizard with your +0 long sword.
The frilled lizard is heavily wounded.
You hit the frilled lizard but do no damage.
The frilled lizard bites you but does no damage.
You barely miss the frilled lizard with your +0 short sword.
The frilled lizard is heavily wounded.
You closely miss the frilled lizard with your +0 long sword.
The frilled lizard bites you but does no damage.
You hit the frilled lizard with your +0 short sword.
You kill the frilled lizard!
There is a broken door here.
You open the door.
Found a cloak.
There is an open door here.
You see here a +0 cloak.
There is an open door here.
You open the door.
A jelly comes into view.
Found a shiny silver wand.
You hit the jelly but do no damage. The acid corrodes you!
Your graspers burn!
You hit the jelly with your +0 long sword.
Your graspers burn!
The jelly hits you.
You are splashed with acid!
You hit the jelly but do no damage. The acid corrodes you!
Your graspers burn!
The jelly is lightly wounded.
You hit the jelly with your +0 short sword.
Your graspers burn!
The jelly hits you.
You are splashed with acid!
* * * LOW HITPOINT WARNING * * *
You hit the jelly with your +0 long sword.
Your graspers burn!
* * * LOW HITPOINT WARNING * * *
The jelly is moderately wounded.
You hit the jelly but do no damage.
Your graspers burn!
You die...

######### ##
#.##.##[# /#
#†##.##.# .#
#+##+##'##'##'##J#
...............@.#
~~~~~~~.~~~~~~~~~#
≈≈≈≈≈≈≈∩≈≈≈≈≈≈≈≈≈#
~~~~~~~.~~~~~~~~~#
.................#
#+##+##.##+##'##+#
#.# #.# #∩# #.#
###


You could see a jelly.

Vanquished Creatures
  A hound (D:2)
  A gnoll (D:1)
  3 dart slugs (D:1)
  3 ball pythons
  4 bats
  6 endoplasms
  3 giant cockroaches
  5 goblins
  7 hobgoblins
  3 kobolds
  6 quokkas
  4 frilled lizards
  5 rats
51 creatures vanquished.

Notes
Turn   | Place    | Note
-------+----------+-------------------------------------------
     0 | D:1      | Dorkslayer the Coglin Gladiator began the quest for the
                  | Orb.
     0 | D:1      | Reached XP level 1. HP: 16/16 MP: 1/1
   173 | D:1      | Reached XP level 2. HP: 14/22 MP: 2/2
   361 | D:1      | Reached XP level 3. HP: 24/27 MP: 3/3
   986 | D:2      | Reached XP level 4. HP: 30/34 MP: 4/4
  1496 | D:3      | Reached skill level 1 in Armour
  1507 | D:3      | Found a glowing drain.
  1527 | Sewer    | Entered a sewer
  1558 | Sewer    | HP: 1/34 [acid (3)]
  1558 | Sewer    | Splashed by a jelly's acid

Illustrated notes

Levels and vault maps discovered:
D:1:      nicolae_arrival_somewhat_less_tricky_arrival, layout_rooms,
          serial_bayou_pond_b
D:2:      layout_loops_ring
D:3:      layout_basic, nicolae_overflow_macrodata_refinement,
          gup_sewer_entry_pipe, gammafunk_ghost_arena
Sewer:    kennysheep_door_sewer

Skill      XL: |  1  2  3  4 |
---------------+-------------+-----
Throwing       | 2 |  2.0
Dodging        | 3 |  3.5
Armour         | 1 |  1.0
Fighting       | |  2.5
Short Blades   | |  0.2
Long Blades    | |  3.8
Stealth        | |  0.2

Action                     |  1- 3 |  4- 6 || total
---------------------------+-------+-------++-------
  Melee: Long sword        |    81 |    50 ||   131
         Short sword       |    18 |    50 ||    68
   Stab: Sleeping          |       |     1 ||     1
 Armour: Leather armour    |    64 |    14 ||    78
  Dodge: Dodged            |    77 |    25 ||   102

Table legend: (Time is in decaauts)
 A = Elapsed time spent in this place.
 B = Non-inter-level travel time spent in this place.
 C = Inter-level travel time spent in this place.
 D = Time resting spent in this place.
 E = Time spent auto-exploring this place.
 F = Levels seen in this place.
 G = Mean time per level.
                   A        B        C        D        E       F      G
               +--------+--------+--------+--------+--------+-----+--------+
         Total |   1579 |   1579 |      0 |      0 |    924 |   4 |  394.8 |
       Dungeon |   1548 |   1548 |      0 |      0 |    924 |   3 |  516.0 |
         Sewer |     30 |     30 |      0 |      0 |      0 |   1 |   30.0 |
               +--------+--------+--------+--------+--------+-----+--------+

Top non-repeatable levels by time:
     D:1: 819 daAuts
     D:2: 618 daAuts
     D:3: 110 daAuts
   Sewer: 30 daAuts
